 Dungeon Crawl Stone Soup version 0.28-a0-1510-gd0f6b136d3 (webtiles) character file.

Game seed: 15026974446677271367

641186 Shayle the Intangible (level 27, -14/218 (228) HPs)
             Began as a Djinni Hedge Wizard on Jan 13, 2022.
             Was the Champion of Ashenzari.
             Demolished by a nargun (25 damage)
             ... on level 5 of Cocytus on Jan 14, 2022.
             The game lasted 08:23:46 (61340 turns).

Shayle the Intangible (Djinni Hedge Wizard)        Turns: 61340, Time: 08:23:47

HP:   -14/218 (228) AC: 18    Str:  6 (9)  XL:     27
Gold: 6058          EV: 26    Int: 28 (31) God:    Ashenzari [******] SH:  0 Dex: 14 (17)

rFire   + + +      SeeInvis +   f - +9 glaive "Eternal Foul Odours" {vamp, rC+ SInv, Evo, Self} (curse)
rCold   + + .      Faith    .   (shield currently unavailable)
rNeg    . . .      Spirit   .   S - +2 robe of the Shattered Regret {Rampage rElec rC++ Stlth+, Self, Cun} (curse)
rPois   ∞          Reflect  .   b - +2 helmet "Enlightened Repose" {Int+3, Fort, Self} (curse)
rElec   +          Harm     .   E - +2 cloak "Perceptive Oblivion" {Will+ Regen+ Slay+2, Self, Range} (curse)
rCorr   .          Rampage  +   e - +3 pair of gauntlets of War {Slay+5, Self, Evo} (curse)
Will    ++++.      Clarity  +   (boots unavailable)
Stlth   +++++.....              y - amulet "Bound Suspicion" {Acrobat rF+ Int+2, Self, Range} (curse)
HPRegen 1.26/turn               G - ring of the Sublime Seer {Will+, Evo, Self} (curse)
MPRegen 0.00/turn               C - ring of Ashenzari's Repose {Slay+4, Range, Evo} (curse)

@: flying, lightly drained, frozen potions
A: sickness immunity, fire resistance 2, cold vulnerability 1, float, innate
caster, hp casting, extra vitality 1, iridescent scales 2, electricity
resistance, wild magic 2, MP-powered wands
}: 5/15 runes: serpentine, slimy, obsidian, abyssal, gossamer
a: Renounce Religion, Shatter the Chains


You were on level 5 of Cocytus.
You worshipped Ashenzari.
Ashenzari was exalted by your worship.
You visited 13 branches of the dungeon, and saw 61 of its levels.
You visited the Abyss 1 time.
You also visited: Ossuary, Bailey, Ice Cave and Wizlab.

You collected 8806 gold pieces.
You spent 2748 gold pieces at shops.

Inventory:

Hand Weapons
 f - the cursed +9 glaive "Eternal Foul Odours" (weapon) {vamp, rC+ SInv, Evo, Self}
   (You found it on level 1 of the Lair of Beasts)

   It occasionally heals its wielder for a portion of the damage dealt when it
   wounds a living foe.
   rC:        It protects you from cold.
   SInv:      It lets you see invisible.
   It has a curse which improves the following skills: Evocations: Evocations.
   Introspection: Fighting and Spellcasting.
 s - the +7 sceptre of Asmodeus
   (You took it off Asmodeus on level 7 of Gehenna)

   It can be evoked to summon fiery demons, with success rate depending on
   Evocations skill.
   Those summoned this way will remain friendly only for a limited time.
 X - the +6 hand axe of the Muttering Sybil {holy, rElec rPois}
   (You took it off an orc in a bailey)

   It has been blessed by the Shining One to cause great damage to the undead
   and demons.
   rElec:     It insulates you from electricity.
   rPois:     It protects you from poison.
Missiles
 m - 7 curare-tipped darts
 H - 4 throwing nets
 M - 23 boomerangs (quivered)
 N - 15 boomerangs of dispersal
Armour
 b - the cursed +2 helmet "Enlightened Repose" (worn) {Int+3, Fort, Self}
   (You found it on level 2 of the Vaults)

   It has a curse which improves the following skills: Fortitude: Armour and
   Shields.
   Introspection: Fighting and Spellcasting.
 e - the cursed +3 pair of gauntlets of War (worn) {Slay+5, Self, Evo}
   (You acquired it on level 12 of the Dungeon)

   Slay:      It affects your accuracy & damage with ranged weapons and melee
   (+5).
   It has a curse which improves the following skills: Introspection: Fighting
   and Spellcasting.
   Evocations: Evocations.
 E - the cursed +2 cloak "Perceptive Oblivion" (worn) {Will+ Regen+ Slay+2, Self, Range}
   (You acquired it on level 4 of the Dungeon)

   Slay:      It affects your accuracy & damage with ranged weapons and melee
   (+2).
   Regen:     It increases your rate of health regeneration.
   Will:      It increases your willpower.
   It has a curse which improves the following skills: Introspection: Fighting
   and Spellcasting.
   Ranged Combat: Slings, Bows, Crossbows and Throwing.
 S - the cursed +2 robe of the Shattered Regret (worn) {Rampage rElec rC++ Stlth+, Self, Cun}
   (You bought it in a shop on level 2 of the Vaults)

   rC:        It greatly protects you from cold.
   rElec:     It insulates you from electricity.
   Rampage:   It bestows one free step when moving towards enemies.
   Stlth:     It makes you more stealthy.
   It has a curse which improves the following skills: Introspection: Fighting
   and Spellcasting.
   Cunning:   Dodging and Stealth.
Jewellery
 w - the ring of Neuwn {rC+ AC+4}
   (You acquired it on level 1 of the Depths)

   [ring of protection]

   AC:        It affects your AC (+4).
   rC:        It protects you from cold.
 x - the ring "Peim" {rN++ MP-9 Dex+6}
   (You took it off a deep elf blademaster on level 3 of the Elven Halls)

   [ring of dexterity]

   Dex:       It affects your dexterity (+6).
   rN:        It greatly protects you from negative energy.
   MP:        It affects your magic capacity (-9).
 y - the cursed amulet "Bound Suspicion" (around neck) {Acrobat rF+ Int+2, Self, Range}
   (You acquired it on level 4 of the Dungeon)

   [amulet of the acrobat]

   It increases your evasion while moving and waiting.
   Int:       It affects your intelligence (+2).
   rF:        It protects you from fire.
   It has a curse which improves the following skills: Introspection: Fighting
   and Spellcasting.
   Ranged Combat: Slings, Bows, Crossbows and Throwing.
 C - the cursed ring of Ashenzari's Repose (right hand) {Slay+4, Range, Evo}
   (You found it on level 4 of the Lair of Beasts)

   [ring of slaying]

   Slay:      It affects your accuracy & damage with ranged weapons and melee
   (+4).
   It has a curse which improves the following skills: Ranged Combat: Slings,
   Bows, Crossbows and Throwing.
   Evocations: Evocations.
 G - the cursed ring of the Sublime Seer (left hand) {Will+, Evo, Self}
   (You found it on level 4 of the Dungeon)

   [ring of willpower]

   Will:      It increases your willpower.
   It has a curse which improves the following skills: Evocations: Evocations.
   Introspection: Fighting and Spellcasting.
Wands
 h - a wand of mindburst (20)
 l - a wand of acid (16)
 p - a wand of iceblast (27)
 B - a wand of flame (77)
 O - a wand of paralysis (6)
Scrolls
 d - a scroll of silence
 g - 4 scrolls of vulnerability
 i - 4 scrolls of holy word
 n - 9 scrolls of fear
 q - 26 scrolls of teleportation
 t - 8 scrolls of blinking
 D - 11 scrolls of magic mapping
 I - 5 scrolls of immolation
 K - 10 scrolls of fog
 Z - 5 scrolls of summoning
Potions
 j - 17 potions of curing
 k - 6 potions of brilliance
 o - 2 potions of mutation
 r - 6 potions of invisibility
 A - 13 potions of haste
 F - 2 potions of resistance
 Q - 9 potions of might
 Y - 3 potions of berserk rage
Miscellaneous
 c - the horn of Geryon
 W - a condenser vane


   Skills:
 - Level 21.3(27) Fighting
 + Level 14.2 Polearms
 - Level 14.3(19.4) Throwing
 O Level 27 Dodging
 - Level 6.2(8.9) Stealth
 - Level 18.2(27) Spellcasting
 - Level 20.4(26.2) Evocations


You couldn't memorise any spells.
You knew the following spells:

 Your Spells              Type           Power      Damage    Failure   Level
a - Magic Dart            Conj           100%       1d8       1%          1
b - Blink                 Tloc           100%       N/A       1%          2
c - Call Imp              Summ           100%       N/A       1%          2
d - Slow                  Hex            100%       N/A       1%          1
e - Conjure Flame         Conj/Fire      100%       6-21      1%          3
f - Mephitic Cloud        Conj/Pois/Air  100%       N/A       1%          3
g - Sandblast             Erth           100%       2d20      1%          1
h - Static Discharge      Conj/Air       100%       N/A       1%          2
i - Ignite Poison         Fire/Tmut/Pois 100%       N/A       1%          3
j - Stone Arrow           Conj/Erth      100%       3d13      1%          3
k - Borgnjor's Vile Clut  Necr/Erth      70%        N/A       1%          5
l - Alistair's Intoxicat  Tmut/Pois      93%        N/A       1%          5
m - Statue Form           Tmut/Erth      93%        N/A       1%          6
n - Dragon Form           Tmut           70%        N/A       1%          7
o - Summon Cactus Giant   Summ           70%        N/A       1%          6
p - Lehudib's Crystal Sp  Conj/Erth      70%        10d16     1%          8
q - Monstrous Menagerie   Summ           70%        N/A       1%          7
r - Shatter               Erth           70%        3d51*     4%          9
s - Fire Storm            Conj/Fire      70%        8d18      4%          9
Your spell library was empty.

Dungeon Overview and Level Annotations

Branches:
Dungeon (15/15)            Temple (1/1) D:7            Lair (6/6) D:11
  Snake (4/4) Lair:2       Spider (4/4) Lair:2        Slime (5/5) Lair:5
    Orc (2/2) D:12            Elf (3/3) Orc:2        Vaults (4/5) D:14
  Crypt (0/3) Vaults:3     Depths (4/4) D:15           Hell (visited)
    Geh (7/7) Hell            Coc (5/7) Hell            Tar (0/7) Hell
    Zot (0/5) Depths:4    Ossuary (visited)          Bailey (visited)
  IceCv (visited)          WizLab (visited)
  Swamp: Lair:2-4    Shoals: Lair:2-4       Dis: Hell:1

Altars:
Ashenzari
Cheibriados
Dithmenos
Elyvilon
Fedhas
Gozag
Hepliaklqana
Kikubaaqudgha
Makhleb
Nemelex Xobeh
Okawaru
Qazlal
Ru
Sif Muna
Trog
Uskayaw
Vehumet
Wu Jian
Xom
Yredelemnul
Zin
The Shining One
Beogh
Jiyva

Shops:
D:13 ?[=?   Orc:2 [[*[(*   Elf:1 [   Snake:2 *   Snake:3 :   Vaults:2 [:[
Depths:3 ?[

Portals:
Hell: Depths:1 Depths:2 Depths:3 Depths:4
Abyss: Depths:1 Depths:3 Depths:4
Pandemonium: Depths:2 Depths:3
Ziggurat: Depths:4
Trove: Depths:4 (give 12 potions of heal wounds)

Annotations:
Lair:5 2 transporters, squill's ghost, journeyman HOCj


Innate Abilities, Weirdness & Mutations

You are immune to sickness and miasma.
You are immune to poison.
Your flesh is very heat resistant. (rF++)
You are vulnerable to cold. (rC-)
You float through the air rather than walking.
You learn spells naturally, not from books.
Your magical power is your life essence.
You have superior vitality. (+4 MHP)
You are mostly covered in iridescent scales. (AC +4)
You are resistant to electric shocks. (rElec)
Your spells are harder to cast, but more powerful.
You expend health (3 HP) to strengthen your wands.


Message History

Unknown command.
The teleport trap disappears.
The harpy simulacrum disappears!
The harpy simulacrum reappears nearby!
The Ice Fiend calls on the powers of darkness!
Your body is wracked with pain!
You rampage towards the Ice Fiend!
You slash the Ice Fiend!
The Ice Fiend is lightly wounded.
The harpy simulacrum closely misses you.
The harpy simulacrum misses you. The Ice Fiend gestures at you.
The bolt of cold hits you! You resist.
The bolt of cold hits the harpy simulacrum.
The harpy simulacrum completely resists.
Casting: Lehudib's Crystal Spear (mildly dangerous; 1% risk of failure)
Confirm with . or Enter, or press ? or * to list all spells.
Okay, then.
The harpy simulacrum completely misses you.
The harpy simulacrum misses you. The Ice Fiend claws you.
The Ice Fiend freezes you! You resist. The Ice Fiend claws you!
The Ice Fiend freezes you! You resist.
* * * LOW HITPOINT WARNING * * *
The harpy simulacrum misses you. x2; The nargun hits you!!
* * * LOW HITPOINT WARNING * * *
The nargun bites you!
* * * LOW HITPOINT WARNING * * *
The nargun freezes you! You resist.
* * * LOW HITPOINT WARNING * * *
The Ice Fiend gestures at you. The bolt of cold misses you.
The bolt of cold hits the harpy simulacrum.
The harpy simulacrum completely resists.
You fly downwards.
The Ice Fiend roars!
You hear a howl!
There is a gateway leading out of Cocytus here.
Okay, then.
Unknown command.
As you read the scroll of holy word, it crumbles to dust.
You speak a Word of immense power!
The Ice Fiend convulses! x3
The Ice Fiend is lost in a daze.
The nargun hits you!!
You die...

* * ≈≈ ,,≈ ≈
≈≈ #≈≈####≈≈≈1
{ ** *≈≈
#≈≈≈≈≈≈≈≈≈≈{≈
≈* ≈
#≈≈≈≈≈≈≈≈≈
≈≈****≈
#≈≈≈≈≈≈..≈ ,,
, ,≈
#≈≈≈≈....≈≈≈,
, ,,
#≈≈≈.....≈≈≈ *
** *
##≈.1##...≈. *
####@99.≈≈≈≈,
* ####91.≈≈≈≈≈
, **
#########≈##**
* , #########
* *> *
######### * *
*


You could see 3 Ice Fiends and 3 narguns.

Vanquished Creatures
  Asmodeus (Geh:7)
  the Royal Jelly (Slime:5)
  the Serpent of Hell (Geh:7)
  A juggernaut (Depths:3)
  4 shard shrikes (Coc:3)
  2 golden dragons
  Geryon (Hell)
  A bone dragon (Abyss:1)
  17 hellephants
  Arachne (Spider:4)
  4 tentacled monstrosities
  6 Brimstone Fiends
  Rupert (Lair:6)
  A walking crystal tome (Depths:2)
  2 Ice Fiends (Coc:3)
  11 searing wretches
  A walking earthen tome (Depths:4)
  6 liches
  A quicksilver dragon (Depths:2)
  A walking frostbound tome (Depths:3)
  4 titans
  A walking divine tome (Depths:3)
  2 deep elf master archers (Elf:3)
  4 deep elf blademasters
  Asterion (Vaults:2)
  24 acid blobs
  An Executioner (Abyss:3)
  An eldritch tentacle (WizLab)
  2 ancient champions (Hell)
  6 sphinxes
  5 tentacled starspawn
  A shadow dragon (Depths:4)
  Agnes (Elf:2)
  7 tengu reavers
  11 nagarajas
  2 storm dragons
  7 rockslimes
  12 azure jellies
  24 fire giants
  Roxanne (Elf:2)
  A nargun (Coc:3)
  A draconian knight (Depths:4)
  An iron dragon (Depths:3)
  7 emperor scorpions
  5 deep elf sorcerers
  16 vault wardens
  Aizul (Depths:1)
  8 frost giants
  17 balrugs
  A draconian shifter (WizLab)
  4 orc warlords
  A draconian scorcher (Depths:4)
  7 deep elf elementalists
  An angel (Abyss:3)
  8 ghost moths
  A broodmother (shapeshifter) (Elf:2)
  3 war gargoyles
  4 quicksilver oozes
  5 reapers
  27 very ugly things
  17 ironbound preservers
  A shard shrike simulacrum (Coc:2)
  10 ironbound thunderhulks
  A broodmother (Spider:3)
  12 stone giants
  Nessos (Lair:5)
  3 vampire knights
  A yellow draconian (Vaults:3)
  A dire elephant (Abyss:3)
  2 elemental wellsprings
  3 green draconians (Depths:4)
  A black draconian (Depths:4)
  3 deep elf demonologists
  6 starcursed masses (Abyss:1)
  2 purple draconians (Depths:4)
  7 entropy weavers
  4 spark wasps
  A white draconian (Depths:4)
  8 deep elf annihilators
  3 wendigos
  An iron golem (Hell)
  A blizzard demon (Depths:2)
  An eidolon (Vaults:3)
  6 ettins
  7 yaktaur captains
  A merfolk impaler (Depths:4)
  A deep elf death mage (Elf:3)
  8 fire dragons
  A shambling mangrove (Abyss:3)
  4 deep elf high priests (Elf:3)
  20 great orbs of eyes
  4 jiangshi
  Harold (D:11)
  7 hydras
  16 vault guards
  2 jorogumos (Spider:3)
  A juggernaut simulacrum (Coc:3)
  4 boulder beetles
  2 peacekeepers
  An ogre mage (Vaults:3)
  A radroach (Spider:4)
  12 naga warriors
  6 rakshasas
  14 salamander tyrants
  A caustic shrike simulacrum (Coc:2)
  7 ice dragons
  2 hell beasts (Depths:2)
  17 centaur warriors
  5 spriggan air magi
  A death knight (D:14)
  6 anacondas
  12 ironbound frosthearts
  3 catoblepae (Lair:6)
  2 satyrs (Abyss:3)
  29 dancing weapons
  4 stokers
  6 deep troll shamans
  34 hell hogs
  7 two-headed ogres
  5 vampire magi
  19 death yaks
  2 deep troll earth magi (Depths:2)
  9 naga sharpshooters
  6 thrashing horrors
  11 shock serpents
  2 orc high priests (Orc:2)
  4 tengu warriors
  Urug (Lair:3)
  10 soul eaters
  9 sun demons
  18 hell knights
  Nergalle (D:11)
  5 spriggan berserkers
  14 deep elf knights
  A fire crab (shapeshifter) (D:13)
  2 wretched stars
  2 salamander mystics
  12 skeletal warriors
  A sixfirhy (Abyss:3)
  A sun moth (Spider:1)
  7 iron trolls
  7 pharaoh ants
  3 shadow wraiths
  A spatial maelstrom (Abyss:3)
  52 deep trolls
  4 steelbarb worms
  2 anaconda zombies (Hell)
  An obsidian statue (WizLab)
  A quicksilver dragon simulacrum (Coc:2)
  An orb spider (shapeshifter) (Depths:3)
  2 naga ritualists (Snake:4)
  13 orb spiders
  5 phantasmal warriors
  3 flayed ghosts
  11 lindwurms
  11 wizards
  2 anaconda skeletons (Hell)
  5 glowing orange brains
  25 wolf spiders
  Pikel (D:5)
  3 spriggan simulacra
  12 deep elf archers
  9 harpies
  21 deep elf zephyrmancers
  A shadow dragon zombie (Vaults:2)
  An orc sorcerer (Orc:2)
  13 necromancers
  A stone giant zombie (Vaults:3)
  7 worldbinders
  7 cyclopes
  29 deep elf pyromancers
  7 orc knights
  An iron dragon zombie (Abyss:1)
  8 mana vipers
  4 manticores
  22 ironbound convokers
  9 shining eyes
  3 oklob plants (Lair:1)
  2 frost giant zombies (Depths:1)
  41 ugly things
  A fire giant zombie (Depths:1)
  5 large abominations
  14 salamanders
  An iron dragon skeleton (Depths:1)
  9 elephants
  9 guardian serpents
  4 ice statues
  A rust devil (Hell)
  5 moths of wrath
  42 black mambas
  8 eyes of devastation
  A stone giant skeleton (Hell)
  12 vault sentinels
  5 torpor snails
  2 water nymphs (Abyss:3)
  A sphinx skeleton (Vaults:3)
  8 molten gargoyles
  An apocalypse crab (Abyss:3)
  9 smoke demons
  23 naga magi
  A torpor snail (shapeshifter) (Elf:1)
  4 hellions
  14 cane toads
  2 gargoyles
  2 titan simulacra (Coc:3)
  2 unseen horrors (D:11)
  Psyche (D:8)
  3 rime drakes
  3 kobold demonologists (D:12)
  12 demonic crawlers
  8 komodo dragons
  41 yaktaurs
  7 freezing wraiths
  2 unseen horrors (shapeshifter)
  5 tormentors
  An efreet (D:12)
  A yaktaur (shapeshifter) (D:14)
  A hellwing (Abyss:1)
  An entropy weaver simulacrum (IceCv)
  A golden dragon simulacrum (Coc:1)
  4 tengu conjurers
  3 red devils
  2 iron giant simulacra (Coc:2)
  2 anaconda simulacra
  An ice devil (Depths:2)
  A sea snake zombie (Hell)
  A yaktaur skeleton (Vaults:3)
  An ancient zyme (WizLab)
  A troll (shapeshifter) (D:14)
  A wind drake (shapeshifter) (D:15)
  Grinder (D:5)
  9 meliai
  3 trolls
  149 slime creatures
  9 polar bears
  A shadow dragon simulacrum (Hell)
  4 hornets (Spider:4)
  3 raiju
  26 tarantellas
  An iron dragon simulacrum (Coc:1)
  8 blink frogs
  A human simulacrum (Vaults:3)
  26 jumping spiders
  19 dream sheep
  An alligator zombie (Hell)
  2 jumping spiders (shapeshifter)
  2 naga simulacra
  6 air elementals
  12 culicivoras
  A spriggan (shapeshifter) (D:13)
  4 shadows
  4 ynoxinuls
  A spriggan skeleton (Depths:1)
  2 wyverns
  18 water elementals
  2 centaur simulacra
  5 dire elephant simulacra
  An orc simulacrum (Coc:1)
  5 wraiths
  5 basilisks
  A fire elemental (Elf:2)
  An ettin skeleton (Vaults:2)
  55 yaks
  A vampire (D:12)
  5 humans (D:8)
  2 yaks (shapeshifter)
  5 golden eyes
  3 steam dragons
  An elf zombie (Vaults:3)
  2 chaos spawn
  51 redbacks
  9 vampire mosquitoes
  4 neqoxecs
  42 nagas
  5 harpy simulacra
  An acid dragon (D:7)
  6 wargs
  4 spatial vortices (WizLab)
  2 hydra simulacra
  14 water moccasins
  4 hell hounds (Hell)
  3 floating eyes
  6 small abominations
  4 black bears
  10 ogres
  49 orc warriors
  A swamp drake (D:12)
  An alligator simulacrum (Hell)
  2 ice beasts
  2 sky beasts
  A necrophage (D:6)
  A boggart (WizLab)
  An ettin simulacrum (Coc:1)
  12 wolves
  4 centaurs
  A phantom (D:4)
  3 kobold brigands
  3 lemures (D:5)
  11 bullfrogs
  A bullfrog (shapeshifter) (Depths:4)
  4 scorpions
  3 earth elementals
  A wyvern zombie (D:8)
  2 water moccasin zombies (Ossuary)
  A hornet simulacrum (D:14)
  3 killer bees (D:10)
  5 wights (D:8)
  5 howler monkeys
  6 electric eels
  A lava snake (Lair:3)
  5 centaur zombies
  8 hounds
  24 orc priests
  2 centaur skeletons
  A bullfrog skeleton (D:7)
  2 iron imps (WizLab)
  2 gnoll shamans
  An iguana (D:4)
  43 orc wizards
  4 polar bear simulacra (IceCv)
  A killer bee zombie (D:7)
  2 wolf simulacra (IceCv)
  2 mummies (Ossuary)
  A howler monkey zombie (D:6)
  5 adders
  10 gnolls
  2 shadow imps
  A white imp (D:7)
  2 ufetubi
  2 adder zombies (Ossuary)
  130 orcs
  An endoplasm (D:3)
  3 giant cockroaches
  10 goblins
  8 hobgoblins
  8 jackals
  36 kobolds
  3 quokkas (D:2)
  6 ball pythons
  5 bats
  3 frilled lizards
  3 gnoll zombies (Ossuary)
  3 hobgoblin zombies (Ossuary)
  4 kobold zombies (Ossuary)
  5 orc zombies (Ossuary)
  5 rats (D:2)
  4 creeping infernos
  16 fire vortices
  2 starspawn tentacles
2499 creatures vanquished.

Vanquished Creatures (collateral kills)
  A shard shrike (Coc:3)
  3 acid blobs (Slime:5)
  2 tengu reavers
  Donald (Snake:4)
  An azure jelly (Slime:5)
  A fire giant (Vaults:2)
  A deep elf sorcerer (Elf:3)
  2 shard shrike simulacra
  A stone giant (Vaults:2)
  An entropy weaver (Vaults:2)
  A yaktaur captain (Vaults:3)
  A naga warrior (Snake:4)
  A peacekeeper (Vaults:2)
  An ironbound frostheart (Vaults:3)
  A two-headed ogre (D:13)
  A tengu warrior (Depths:1)
  A naga sharpshooter (Snake:3)
  A deep troll earth mage (Vaults:3)
  A soul eater (WizLab)
  A sun demon (WizLab)
  3 hell knights
  A deep elf knight (Elf:2)
  A titan skeleton (Vaults:2)
  A naga ritualist (Snake:4)
  4 deep trolls
  A deep elf pyromancer (Elf:1)
  2 necromancers (Depths:3)
  4 deep elf zephyrmancers (Elf:2)
  2 ugly things
  A black mamba (Snake:4)
  A demonspawn skeleton (WizLab)
  An elf skeleton (Vaults:2)
  17 slime creatures
  2 blink frogs (WizLab)
  An air elemental (Elf:2)
  A harpy simulacrum (Coc:1)
  A glowing shapeshifter simulacrum (Vaults:2)
  An orc priest (D:3)
  2 adders
  A white imp (Vaults:3)
  A worm (D:2)
  An orc (D:3)
  An orc zombie (Ossuary)
75 creatures vanquished.

Vanquished Creatures (others)
  A very ugly thing (Vaults:3)
  A salamander tyrant (Snake:4)
  An anaconda (Snake:3)
  A centaur warrior (Vaults:2)
  A hell hog (Geh:3)
  A hell knight (Depths:3)
  A naga mage (Snake:4)
  A kobold (D:8)
  4 creeping infernos
  137 fire vortices
  27 fungi
  A lurking horror (Abyss:3)
  74 plants
  15 starspawn tentacles
266 creatures vanquished.

Grand Total: 2840 creatures vanquished

Notes
Turn   | Place    | Note
-------+----------+-------------------------------------------
     0 | D:1      | Shayle the Djinni Hedge Wizard began the quest for the Orb.
     0 | D:1      | Reached XP level 1. HP: 15/15 MP: 0/0
   483 | D:1      | Reached XP level 2. HP: 16/22 MP: 0/0
  1063 | D:1      | Reached skill level 1 in Fighting
  1063 | D:1      | Reached XP level 3. HP: 24/27 MP: 0/0
  1063 | D:1      | Learned a level 1 spell: Sandblast
  1923 | D:2      | Found a faded altar of an unknown god.
  2020 | D:2      | Reached XP level 4. HP: 32/32 MP: 0/0
  2479 | D:2      | Reached skill level 3 in Dodging
  3029 | D:3      | Reached XP level 5. HP: 30/38 MP: 0/0
  3029 | D:3      | Learned a level 2 spell: Static Discharge
  3922 | D:3      | Found an opulent altar of Gozag.
  4258 | D:4      | Reached XP level 6. HP: 34/45 MP: 0/0
  4330 | D:4      | You are sucked into a shaft and drop 2 floors!
  4372 | D:6      | Noticed a steam dragon
  4380 | D:6      | Noticed a sky beast
  4445 | D:6      | Noticed an ogre
  4468 | D:6      | Killed an ogre
  4469 | D:6      | Reached skill level 4 in Dodging
  4469 | D:6      | Reached XP level 7. HP: 17/50 MP: 0/0
  4469 | D:6      | Learned a level 3 spell: Ignite Poison
  4621 | D:7      | Found a sand-covered staircase.
  4644 | Ossuary  | Entered an ossuary
  5396 | D:7      | Reached XP level 8. HP: 52/58 MP: 0/0
  5412 | D:7      | Reached skill level 5 in Dodging
  6072 | D:7      | Found a staircase to the Ecumenical Temple.
  6081 | Temple   | Entered the Ecumenical Temple
  6892 | D:7      | Reached skill level 5 in Fighting
  6892 | D:7      | Reached skill level 6 in Dodging
  6892 | D:7      | Reached XP level 9. HP: 59/65 MP: 0/0
  6892 | D:7      | Learned a level 3 spell: Stone Arrow
  6902 | D:7      | Reached skill level 5 in Stealth
  7129 | D:5      | Entered Level 5 of the Dungeon
  7666 | D:5      | Found a burning altar of Makhleb.
  7680 | D:4      | Found a blossoming altar of Fedhas.
  7985 | D:4      | Found a broken altar of Ashenzari.
  7998 | D:4      | Became a worshipper of Ashenzari the Shackled
  8043 | D:4      | Reached skill level 5 in Spellcasting
  8820 | D:4      | Identified 2 scrolls of acquirement
  8820 | D:4      | Acquired the amulet of Boek {Acrobat rF+ Int+2}
  8822 | D:4      | Acquired the +2 cloak of the Game of Life {Will+ Regen+
                  | Slay+2}
  9116 | D:5      | Noticed Pikel
  9125 | D:5      | Killed Pikel
  9126 | D:5      | Reached skill level 7 in Dodging
  9306 | D:5      | Noticed Grinder
  9317 | D:5      | Killed Grinder
  9318 | D:5      | Reached XP level 10. HP: 59/73 MP: 0/0
  9708 | D:6      | Reached skill level 1 in Throwing
  9909 | D:8      | Reached skill level 8 in Dodging
 10309 | D:8      | Identified the +8 rapier "Ytastriul" {freeze, *Noise Fly
                  | Dex+3}
 10362 | D:8      | Noticed Psyche
 10370 | D:8      | Killed Psyche
 10371 | D:8      | Reached XP level 11. HP: 70/81 MP: 0/0
 10371 | D:8      | Learned a level 5 spell: Borgnjor's Vile Clutch
 10617 | D:8      | Reached skill level 9 in Dodging
 11077 | D:9      | Reached * piety under Ashenzari
 11819 | D:10     | Entered Level 10 of the Dungeon
 11881 | D:10     | Noticed a two-headed ogre
 11888 | D:10     | Killed a two-headed ogre
 11889 | D:10     | Reached skill level 1 in Evocations
 12184 | D:10     | Found a flagged portal.
 12194 | Bailey   | Entered a bailey
 12216 | Bailey   | Noticed an orc knight
 12231 | Bailey   | Killed an orc knight
 12440 | Bailey   | Identified the +6 hand axe of the Muttering Sybil {holy,
                  | rElec rPois}
 12441 | Bailey   | Noticed an orc knight
 12449 | Bailey   | Killed an orc knight
 12650 | D:10     | Found an iron altar of Okawaru.
 12932 | D:10     | Noticed a two-headed ogre
 12939 | D:10     | Killed a two-headed ogre
 12940 | D:10     | Reached skill level 10 in Dodging
 12942 | D:10     | Reached XP level 12. HP: 68/92 MP: 0/0
 13278 | D:11     | Identified the +0 hunting sling of the Thing {vorpal, *Slow
                  | rPois rC+++ Stlth-}
 13315 | D:11     | Reached skill level 5 in Throwing
 13379 | D:11     | Found a frozen archway.
 13387 | IceCv    | Entered an ice cave
 13888 | D:12     | Identified the +0 robe of the Midnight Sun {Harm rElec
                  | Will++ Str-3}
 13926 | D:12     | Noticed a two-headed ogre
 13931 | D:12     | Killed a two-headed ogre
 14077 | D:12     | Reached skill level 5 in Evocations
 14233 | D:12     | Found a staircase to the Orcish Mines.
 14244 | Orc:1    | Entered Level 1 of the Orcish Mines
 14521 | D:12     | Noticed a skeletal warrior
 14522 | D:12     | Noticed a skeletal warrior
 14522 | D:12     | Noticed a skeletal warrior
 14523 | D:12     | Noticed a skeletal warrior
 14529 | D:12     | Noticed a sun demon
 14530 | D:12     | Reached skill level 11 in Dodging
 14542 | D:12     | Killed a skeletal warrior
 14671 | D:11     | Noticed Nergalle
 14677 | D:11     | Killed Nergalle
 14678 | D:11     | Reached XP level 13. HP: 67/99 MP: 0/0
 14678 | D:11     | Learned a level 5 spell: Alistair's Intoxication
 14692 | D:11     | Reached skill level 10 in Fighting
 15221 | D:11     | Noticed Harold
 15228 | D:11     | Killed Harold
 15542 | D:11     | Found a staircase to the Lair.
 15582 | Lair:1   | Entered Level 1 of the Lair of Beasts
 15839 | Lair:1   | Identified the +9 glaive of the Middle {vamp, rC+ SInv}
 16123 | Lair:1   | Upgraded the game from 0.28-a0-1493-g08698888e4 to
                  | 0.28-a0-1506-g3893175d92
 16421 | Lair:2   | Reached skill level 12 in Dodging
 16852 | Lair:2   | Found a hole to the Spider Nest.
 17182 | Lair:2   | Found a staircase to the Snake Pit.
 17398 | Lair:3   | Noticed Urug
 17407 | Lair:3   | Killed Urug
 17408 | Lair:3   | Reached XP level 14. HP: 76/107 MP: 0/0
 17462 | Lair:3   | Reached ** piety under Ashenzari
 19250 | Lair:5   | Found a runed translucent door.
 19252 | Lair:5   | Noticed an acid blob
 19253 | Lair:5   | Found a viscous altar of Jiyva.
 19254 | Lair:5   | Noticed an acid blob
 19255 | Lair:5   | Found a staircase to the Slime Pits.
 19277 | Lair:5   | Found a transporter.
 19282 | Lair:5   | Found a transporter.
 19380 | Lair:5   | Reached skill level 13 in Dodging
 19761 | Lair:5   | Noticed Nessos
 19814 | Lair:5   | Noticed squill's ghost (journeyman HOCj)
 19827 | Lair:5   | Killed Nessos
 19855 | Lair:5   | Acquired a +0 pair of gloves of dexterity
 20530 | Lair:6   | Entered Level 6 of the Lair of Beasts
 20608 | Lair:5   | Reached XP level 15. HP: 102/118 MP: 0/0
 20608 | Lair:5   | Learned a level 6 spell: Statue Form
 20704 | Lair:6   | Reached skill level 10 in Spellcasting
 21126 | Lair:6   | Identified the cursed +0 robe "Seer of Ashenzari" {Self,
                  | Evo}
 21128 | Lair:6   | Found a blossoming altar of Fedhas.
 21314 | Lair:6   | Reached skill level 14 in Dodging
 21315 | Lair:6   | Reached skill level 10 in Evocations
 21637 | Lair:6   | Noticed Rupert
 21649 | Lair:6   | Killed Rupert
 22662 | D:12     | Acquired the +3 pair of gauntlets of War {Slay+5}
 22662 | D:12     | Found the +3 pair of gauntlets of War {Slay+5}
 22973 | D:12     | Reached XP level 16. HP: 95/127 MP: 0/0
 23287 | Orc:1    | Reached *** piety under Ashenzari
 23479 | Orc:2    | Entered Level 2 of the Orcish Mines
 23631 | Orc:2    | Found Pater's Antique Armour Shop.
 23651 | Orc:2    | Found Veem Xee's Armour Shop.
 23785 | Orc:2    | Found Nateenk's Overcharged Wands.
 23809 | Orc:2    | Found a staircase to the Elven Halls.
 23867 | Orc:2    | Found Daos's General Store.
 23875 | Orc:2    | Bought a potion of curing for 51 gold pieces
 23875 | Orc:2    | Bought a scroll of blinking for 127 gold pieces
 23875 | Orc:2    | Bought a scroll of teleportation for 51 gold pieces
 23875 | Orc:2    | Bought a potion of curing for 51 gold pieces
 24351 | Orc:2    | Found Ketiekh's Antique Armour Emporium.
 24355 | Orc:2    | Found Nehulaa's Antique Weapon Shoppe.
 24755 | Spider:1 | Entered Level 1 of the Spider Nest
 24793 | Spider:1 | Reached skill level 15 in Dodging
 25526 | Spider:2 | Noticed an emperor scorpion
 25535 | Spider:2 | Killed an emperor scorpion
 26091 | Spider:2 | Reached XP level 17. HP: 129/138 MP: 0/0
 26091 | Spider:2 | Learned a level 7 spell: Dragon Form
 27303 | Spider:4 | Entered Level 4 of the Spider Nest
 27528 | Spider:4 | Reached skill level 16 in Dodging
 28392 | Spider:4 | Noticed Arachne
 28439 | Spider:4 | Reached XP level 18. HP: 143/143 MP: 0/0
 28442 | Spider:4 | Killed Arachne
 28523 | Spider:4 | Reached skill level 15 in Fighting
 28703 | Spider:4 | Got a gossamer rune of Zot
 29183 | Snake:1  | Entered Level 1 of the Snake Pit
 29312 | Snake:1  | Reached **** piety under Ashenzari
 30549 | Snake:2  | Found Jefuo's Assorted Antiques.
 30568 | Snake:2  | Bought a scroll labelled ZYSEIMM PEN XEC for 24 gold pieces
 31113 | Snake:3  | Reached skill level 17 in Dodging
 31201 | Snake:3  | Found Taoxoi's Book Shoppe.
 31209 | Snake:3  | Bought a manual of Fighting for 1440 gold pieces
 31231 | Snake:3  | Reached XP level 19. HP: 154/154 MP: 0/0
 31231 | Snake:3  | Learned a level 6 spell: Summon Cactus Giant
 31243 | Snake:3  | Reached ***** piety under Ashenzari
 31342 | Snake:3  | Reached skill level 15 in Evocations
 31709 | Snake:3  | Identified the cursed +0 hat of Ashenzari's Relativism
                  | {Self, Range}
 31805 | Snake:4  | Entered Level 4 of the Snake Pit
 32201 | Snake:4  | Noticed Donald
 32205 | Snake:4  | Killed Donald
 32758 | Snake:4  | Got a serpentine rune of Zot
 33223 | D:13     | Found Qyutih's Magic Scroll Shoppe.
 33231 | D:13     | Bought a scroll of teleportation for 42 gold pieces
 33231 | D:13     | Bought a scroll of fear for 49 gold pieces
 33231 | D:13     | Bought a scroll of blinking for 105 gold pieces
 33231 | D:13     | Bought a scroll of summoning for 133 gold pieces
 33619 | D:13     | Found Wupecakhlee's Armour Boutique.
 33633 | D:13     | Reached XP level 20. HP: 166/173 MP: 0/0
 33662 | D:13     | Found Vuis's Jewellery Emporium.
 33792 | D:13     | Found Byw Lut's Magic Scroll Boutique.
 33841 | D:13     | Reached skill level 10 in Throwing
 34109 | D:14     | Found a hazy altar of Hepliaklqana.
 34390 | D:14     | Found a gate to the Vaults.
 34679 | D:14     | Identified the +1 leather armour "Seguem" {rN++}
 34946 | D:15     | Entered Level 15 of the Dungeon
 35004 | D:15     | Reached ****** piety under Ashenzari
 35090 | D:15     | Found a shadowy altar of Dithmenos.
 35133 | D:15     | Found a staircase to the Depths.
 35796 | Vaults:1 | Entered Level 1 of the Vaults
 35807 | Vaults:1 | Reached skill level 18 in Dodging
 37285 | Vaults:1 | Reached XP level 21. HP: 168/185 MP: 0/0
 37285 | Vaults:1 | Learned a level 8 spell: Lehudib's Crystal Spear
 37384 | Vaults:2 | Found Hempiam's Book Shop.
 37402 | Vaults:2 | Found Lokir's Book Shoppe.
 37428 | Vaults:2 | Found Sidghog's Armour Shoppe.
 37447 | Vaults:2 | Found Geulun's Armour Boutique.
 37492 | Vaults:2 | Noticed Asterion
 37500 | Vaults:2 | Killed Asterion
 37502 | Vaults:2 | Found a magical portal.
 37509 | WizLab   | Entered The Roulette of Golubria
 37509 | WizLab   | Found a transporter.
 37516 | WizLab   | Found a corrupted altar of Lugonu.
 37517 | WizLab   | Found a transporter.
 37527 | WizLab   | Found a corrupted altar of Lugonu.
 37535 | WizLab   | Found a transporter.
 37559 | WizLab   | Found a transporter.
 37567 | WizLab   | Found a transporter.
 37589 | WizLab   | Identified the +0 cloak of Proximity {rF+ rC+}
 37614 | WizLab   | Found a transporter.
 37634 | WizLab   | Identified the -2 cloak of Daisies {Harm rC+}
 37673 | WizLab   | Found a transporter.
 37673 | WizLab   | Found a transporter.
 37714 | WizLab   | Found a transporter.
 37805 | WizLab   | Found a transporter.
 37805 | WizLab   | Found a transporter.
 37994 | WizLab   | Found a transporter.
 37994 | WizLab   | Found a transporter.
 38005 | WizLab   | Found a corrupted altar of Lugonu.
 38021 | WizLab   | Found a transporter.
 38042 | WizLab   | Found a transporter.
 38042 | WizLab   | Found a transporter.
 38074 | WizLab   | Found a transporter.
 38074 | WizLab   | Found a transporter.
 38077 | WizLab   | Identified the Incunabulum of the Compass
 38137 | WizLab   | Found a transporter.
 38137 | WizLab   | Found a transporter.
 38326 | Vaults:2 | Bought the +2 robe "Goetirist" {Rampage rElec rC++ Stlth+}
                  | for 675 gold pieces
 38672 | Vaults:2 | Identified the +1 robe of Virtue {rC+ rCorr Str+2}
 39135 | Vaults:2 | Reached skill level 19 in Dodging
 39185 | Vaults:2 | Reached XP level 22. HP: 100/191 MP: 0/0
 40440 | Vaults:3 | Upgraded the game from 0.28-a0-1506-g3893175d92 to
                  | 0.28-a0-1510-gd0f6b136d3
 40898 | Vaults:3 | Identified Sif Muna's Disquisition on Gliding Evil
 40904 | Vaults:3 | Found a staircase to the Crypt.
 41293 | Vaults:3 | Reached XP level 23. HP: 190/199 MP: 0/0
 41293 | Vaults:3 | Learned a level 7 spell: Monstrous Menagerie
 42138 | Vaults:4 | Reached skill level 20 in Dodging
 42159 | Vaults:4 | Identified the +3 quarterstaff of the Pharaoh's Fist {vamp,
                  | rCorr Str+5}
 43423 | Depths:1 | Entered Level 1 of the Depths
 43464 | Depths:1 | Paralysed by a floating eye for 3 turns
 43683 | Depths:1 | Found a one-way gate to the infinite horrors of the Abyss.
 43908 | Depths:1 | Reached skill level 15 in Spellcasting
 44051 | Depths:1 | Noticed Aizul
 44066 | Depths:1 | Killed Aizul
 44206 | Depths:1 | Found a gateway to Hell.
 44228 | Depths:1 | Reached XP level 24. HP: 103/207 MP: 0/0
 45544 | Elf:1    | Entered Level 1 of the Elven Halls
 45614 | Elf:1    | Found Hubotuevet's Armour Shoppe.
 45684 | Elf:1    | Paralysed by an air elemental for 1 turns
 45694 | Elf:1    | Paralysed by an air elemental for 1 turns
 46059 | Elf:1    | Identified the +9 flail "Waarauq" {spect, Will+ Str+9
                  | Dex-5}
 46417 | Elf:2    | Found a runed translucent gate.
 46417 | Elf:2    | Found a runed translucent gate.
 46417 | Elf:2    | Found a runed translucent gate.
 46489 | Elf:2    | Noticed Roxanne
 46509 | Elf:2    | Killed Roxanne
 46704 | Elf:2    | Reached skill level 21 in Dodging
 46955 | Elf:2    | Noticed Agnes
 46959 | Elf:2    | Killed Agnes
 47383 | Elf:3    | Entered Level 3 of the Elven Halls
 47625 | Elf:3    | Paralysed by an air elemental for 1 turns
 47787 | Elf:3    | Reached XP level 25. HP: 203/211 MP: 0/0
 47787 | Elf:3    | Learned a level 9 spell: Shatter
 47793 | Elf:3    | Identified the ring "Peim" {rN++ MP-9 Dex+6}
 48116 | Elf:3    | Identified the +8 great sword of Kiguet {venom, Str+2}
 48256 | Elf:3    | Identified the +8 morningstar "Cuareps" {protect, SInv}
 48774 | Depths:1 | Acquired the ring of Neuwn {rC+ AC+4}
 49095 | Depths:2 | Found the +9 heavy crossbow "Sniper" {vorpal, Acc+∞ SInv}
 49417 | Depths:2 | Found a one-way gate leading to the halls of Pandemonium.
 49677 | Depths:2 | Found a stormy altar of Qazlal.
 50227 | Depths:3 | Found Fimis's Magic Scroll Emporium.
 50234 | Depths:3 | Found Efab's Armour Emporium.
 50820 | Depths:3 | Reached skill level 22 in Dodging
 51374 | Depths:3 | Noticed a juggernaut
 51378 | Depths:3 | Reached XP level 26. HP: 152/221 MP: 0/0
 51381 | Depths:3 | Killed a juggernaut
 51688 | Depths:4 | Entered Level 4 of the Depths
 51973 | Depths:4 | Found a portal to a secret trove of treasure.
 52271 | Depths:4 | Found a gate to the Realm of Zot.
 52594 | Depths:4 | Found a one-way gateway to a ziggurat.
 52625 | Depths:4 | Gained mutation: You sometimes lose the ability to read
                  | scrolls when taking damage. [a shining eye]
 52628 | Depths:4 | Reached skill level 23 in Dodging
 52900 | Depths:4 | Voluntarily entered the Abyss.
 52900 | Abyss:1  | Found a corrupted altar of Lugonu.
 52964 | Abyss:1  | Found a hide-covered altar of Uskayaw.
 53470 | Abyss:3  | Found a corrupted altar of Lugonu.
 53723 | Abyss:3  | Reached XP level 27. HP: 225/225 MP: 0/0
 53723 | Abyss:3  | Learned a level 9 spell: Fire Storm
 53723 | Abyss:3  | Got an abyssal rune of Zot
 53766 | Depths:4 | Escaped the Abyss
 54197 | Slime:1  | Entered Level 1 of the Pits of Slime
 54252 | Slime:1  | Gained mutation: You have hidden genetic defects. [a
                  | shining eye]
 54253 | Slime:1  | Gained mutation: You do not regenerate when monsters are
                  | visible. [a shining eye]
 54311 | Slime:1  | Lost mutation: You have hidden genetic defects. [potion of
                  | mutation]
 54311 | Slime:1  | Lost mutation: You do not regenerate when monsters are
                  | visible. [potion of mutation]
 54311 | Slime:1  | Lost mutation: You sometimes lose the ability to read
                  | scrolls when taking damage. [potion of mutation]
 54311 | Slime:1  | Gained mutation: You have a pair of small horns on your
                  | head. [potion of mutation]
 54311 | Slime:1  | Gained mutation: You tend to lose your temper in combat.
                  | [potion of mutation]
 54312 | Slime:1  | Lost mutation: You have a pair of small horns on your head.
                  | [potion of mutation]
 54312 | Slime:1  | Lost mutation: You tend to lose your temper in combat.
                  | [potion of mutation]
 54312 | Slime:1  | Gained mutation: Armour fits poorly on your strangely
                  | shaped body. [potion of mutation]
 54312 | Slime:1  | Gained mutation: You are clumsy. (Dex -2) [potion of
                  | mutation]
 54312 | Slime:1  | Gained mutation: You have a beak for a mouth. [potion of
                  | mutation]
 54312 | Slime:1  | Gained mutation: You are partially covered in iridescent
                  | scales. (AC +2) [potion of mutation]
 54319 | Slime:1  | Lost mutation: You are partially covered in iridescent
                  | scales. (AC +2) [potion of mutation]
 54319 | Slime:1  | Lost mutation: You have a beak for a mouth. [potion of
                  | mutation]
 54319 | Slime:1  | Lost mutation: You are clumsy. (Dex -2) [potion of
                  | mutation]
 54319 | Slime:1  | Gained mutation: You are partially covered in iridescent
                  | scales. (AC +2) [potion of mutation]
 54319 | Slime:1  | Gained mutation: You expend health (3 HP) to strengthen
                  | your wands. [potion of mutation]
 54319 | Slime:1  | Gained mutation: Your mind is acute. (Int +2) [potion of
                  | mutation]
 55779 | Slime:5  | Entered Level 5 of the Pits of Slime
 55786 | Slime:5  | Reached skill level 1 in Polearms
 55820 | Slime:5  | Gained mutation: You have hidden genetic potential. [a
                  | shining eye]
 55821 | Slime:5  | Gained mutation: Your body sometimes deteriorates upon
                  | taking damage. [a shining eye]
 55823 | Slime:5  | Noticed the Royal Jelly
 55827 | Slime:5  | Killed the Royal Jelly
 55828 | Slime:5  | Reached skill level 5 in Polearms
 55828 | Slime:5  | Reached skill level 24 in Dodging
 56449 | Slime:5  | Identified the +7 scale mail "Puptep" {Dex+4 Slay-6}
 56450 | Slime:5  | Identified the ring of Qusec {Str+6 SInv}
 56462 | Slime:5  | Identified the +8 spear of Ehaki {elec, *Corrode rElec rF+}
 56462 | Slime:5  | Identified the +2 robe "Qeq Dala" {-Cast rElec rCorr Dex+6}
 56463 | Slime:5  | Identified the Compendium of Sinister Companions
 56546 | Slime:5  | Got a slimy rune of Zot
 56890 | Hell     | Entered the Vestibule of Hell
 56890 | Hell     | Noticed Geryon
 57085 | Depths:1 | Lost mutation: Armour fits poorly on your strangely shaped
                  | body. [potion of mutation]
 57085 | Depths:1 | Lost mutation: Your mind is acute. (Int +2) [potion of
                  | mutation]
 57085 | Depths:1 | Lost mutation: Your body sometimes deteriorates upon taking
                  | damage. [potion of mutation]
 57085 | Depths:1 | Gained mutation: Your spells are a little harder to cast,
                  | but a little more powerful. [potion of mutation]
 57085 | Depths:1 | Gained mutation: Your spells are harder to cast, but more
                  | powerful. [potion of mutation]
 57221 | Hell     | Killed Geryon
 57526 | Hell     | Found a gateway to the decaying netherworld of Tartarus.
 57596 | Hell     | Found a gateway to the freezing wastes of Cocytus.
 57857 | Hell     | Found a gateway to the ashen valley of Gehenna.
 57884 | Geh:1    | Entered Level 1 of Gehenna
 57902 | Geh:1    | Reached skill level 10 in Polearms
 57968 | Geh:1    | Reached skill level 25 in Dodging
 58782 | Geh:4    | Gained mutation: You are resistant to electric shocks.
                  | (rElec) [hidden potential]
 59187 | Geh:7    | Entered Level 7 of Gehenna
 59449 | Geh:7    | Reached skill level 26 in Dodging
 59464 | Geh:7    | Noticed the Serpent of Hell
 59472 | Geh:7    | Killed the Serpent of Hell
 59835 | Geh:7    | Found the +7 sceptre of Asmodeus
 59835 | Geh:7    | Noticed Asmodeus
 60027 | Geh:7    | Killed Asmodeus
 60027 | Geh:7    | HP: 8/180 [something (3)]
 60192 | Geh:7    | Got an obsidian rune of Zot
 60705 | Coc:1    | Entered Level 1 of Cocytus
 60927 | Coc:3    | Noticed a shard shrike
 60932 | Coc:3    | Noticed a shard shrike
 60933 | Coc:3    | Killed a shard shrike
 60938 | Coc:3    | Killed a shard shrike
 61066 | Coc:3    | Reached skill level 27 in Dodging
 61077 | Coc:3    | Noticed a shard shrike
 61081 | Coc:3    | Killed a shard shrike
 61098 | Coc:3    | Noticed a shard shrike
 61100 | Coc:3    | Noticed a shard shrike
 61101 | Coc:3    | Killed a shard shrike
 61105 | Coc:3    | Gained mutation: You are mostly covered in iridescent
                  | scales. (AC +4) [hidden potential]
 61105 | Coc:3    | Lost mutation: You have hidden genetic potential. [hidden
                  | potential expressed]
 61106 | Coc:3    | Killed a shard shrike
 61338 | Coc:4    | HP: 9/218 [nargun (17)]
 61340 | Coc:5    | Demolished by a nargun

Illustrated notes

Levels and vault maps discovered:
D:1:      mrwooster_arrival_statue_3, layout_basic
D:2:      layout_loops_cross, hellmonk_ecumenical_altar_heavens_door
D:3:      layout_basic, mainiacjoe_overflow_chevrons, chequers_arboretum,
          minmay_stone_trees_small
D:4:      layout_basic, mainiacjoe_overflow_paths, mainiacjoe_overflow_alcove_2
D:5:      nicolae_cairo_tiling_large, layout_loops_ring, bloody_makhleb,
          minivault_19, hangedman_abyss_or_decor_lesser_grid,
          minmay_misc_feat_tiny, uniq_pikel, uniq_grinder
D:6:      layout_cave_pools
D:7:      layout_gridville, minmay_temple_entry_butterflies,
          nicolae_ossuary_entry_plus, minivault_10
D:8:      kennysheep_six_static_rooms, layout_loops_ring, minmay_ruffians,
          uniq_psyche
D:9:      layout_grid_maze
D:10:     layout_roguey, nicolae_overflow_crystal_walls,
          overflow_temple_1_default, enter_bailey_8, kennysheep_small_square
D:11:     layout_basic, erik_lair_island, portal_ice_cave_rime, uniq_nergalle,
          uniq_harold
D:12:     layout_roguey, erik_orc_1, hangedman_decor_riveting
D:13:     layout_loops_ring, serial_shops, shop, shop, nicolae_shop_crystal,
          nicolae_take_the_stairs, minivault_19, grunt_potential
D:14:     layout_roguey [special_room_orc], lightli_vaults_fourway_checkpoint,
          nzn_hepliaklqana_mist_gate
D:15:     gammafunk_enter_depths_forms, layout_stronghold,
          nicolae_dithmenos_through_a_glass_darkly
Temple:   nicolae_temple_elliptical
Lair:1:   minmay_lair_oklob_chamber, layout_misc_corridors,
          columned_hall_lemuel, serial_bayou_shore_b
Lair:2:   layout_concentric_octagons, minmay_snake_entry_guardpost_small,
          nicolae_spider_entry_tight_spaces, chequers_serial_rivers_micro_b
Lair:3:   layout_gridlike, serial_bayou_shore_a, uniq_urug
Lair:4:   layout_hall_layers
Lair:5:   layout_layer_cave, slime_altar_2, gammafunk_ghost_abyssal_escape,
          beast_lair_carwin_10, uniq_nessos
Lair:6:   evilmike_catoblepas_cave, layout_small_grid, basic_altar,
          grunt_megastairs_5, uniq_rupert
Snake:1:  nicolae_snake_nest, layout_honeycomb, nicolae_snake_lava_pool
Snake:2:  layout_honeycomb, serial_shops, nicolae_diamond_shop
Snake:3:  layout_misc_corridors, serial_shops, shop
Snake:4:  snake_hunt, layout_onion, st_stairs_8, uniq_donald
Spider:1: layout_spider_delve
Spider:2: layout_spider_delve
Spider:3: layout_cave_pods
Spider:4: johnstein_spider_rune_arachne_lair
Slime:1:  layout_caves
Slime:2:  layout_caves
Slime:3:  layout_caves
Slime:4:  layout_caves, cheibrodos_slime_lost_civilization_7
Slime:5
Orc:1:    layout_caves
Orc:2:    grunt_orc_community_town_hall, layout_diamond_mine,
          grunt_orc_community_big_house_1, grunt_orc_community_big_house_1,
          grunt_orc_community_house_1, grunt_orc_community_house_1,
          grunt_orc_community_house_1, grunt_orc_community_house_1,
          grunt_orc_community_house_2, grunt_orc_community_house_3,
          serial_shops, nicolae_square_shop, nicolae_shop_overcharged_wands
Elf:1:    elf_arrival_002, layout_rooms, serial_shops, nicolae_shop_stone,
          evilmike_minifort, st_stairs_14, grunt_ministairs_8, minivault_24
Elf:2:    elven_hall_of_blades_hangedman_original
          [nicolae_blade_entry_antechamber], layout_gridlike,
          serial_corexii_hall, chequers_hall_statues_corner_a,
          corexii_hall_statues_deadend, basic_altar, grunt_ministairs_8,
          uniq_agnes, uniq_roxanne
Elf:3:    minmay_elf_hall_furrowed, layout_gridlike
Vaults:1: hangedman_vaults_maws, hangedman_vaults_stretched_pinwheel, v_rooms_5,
          v_pattern_3, hangedman_vaults_hard_town_square,
          nicolae_vaults_little_squares_5, v_misc_15, vaults_mumra_hexcomb,
          vaults_room_grid, nicolae_vaults_little_ls, ontoclasm_vaults_shuriken,
          layout_vaults_big_room
Vaults:2: mu_enter_wizlab_1, v_misc_30, st_octagons_1, ontoclasm_vaults_spin,
          v_misc_19, v_rooms_1, ontoclasm_vaults_idyll,
          hangedman_vaults_stagger, v_misc_18, hangedman_vaults_stream,
          layout_vaults_omnicross, serial_shops, nicolae_shop_behind_doors,
          shop, nicolae_shop_trees, nicolae_square_shop, uniq_asterion
Vaults:3: ontoclasm_vaults_bender, grunt_vaults_hallway_short, st_greater_box_4,
          v_misc_32, v_misc_30, v_misc_13, hangedman_vaults_stretched_pinwheel,
          vaults_standard_mumra_x, vaults_dpeg_encased_lava,
          nicolae_vaults_shelves_hall, serial_ice_m, v_misc_28, v_misc_15,
          nicolae_vaults_network_star, v_rooms_4,
          minmay_crypt_entry_simple_statues, nicolae_vaults_shelves_hall,
          layout_vaults_omnibox
Vaults:4: st_lattice, nicolae_vaults_little_squares_6, ontoclasm_vaults_twist,
          nicolae_vaults_little_squares_6, grunt_vaults_diagonal, v_pattern_4,
          nicolae_vaults_little_squares_5, layout_vaults_quadrants
Depths:1: layout_cave_pools, hangedman_abyss_entry_splay, hellmouth_3,
          dispersion_dpeg, grunt_megastairs_2, uniq_aizul
Depths:2: nooodl_heptagram, layout_gridville, grunt_qazlal_clouds,
          grunt_mini_vestibule, rand_demon_pan_entry_7, st_stairs_14
Depths:3: kennysheep_large_spiral, layout_gridlike, hell_entry,
          minmay_strange_pillars, abyss_entry, pan_entry,
          infiniplex_staircase_zigzag_1, minmay_shop_star
Depths:4: grunt_zot_entry_gee_three, layout_cave_pools, enter_ziggurat_c,
          minivault_14, abyss_entry, hell_entry, enter_trove_6,
          hellmonk_bongcloud_opening, minmay_misc_feat_square,
          roderic_nine_men_s_morris
Hell
Geh:1:    layout_gehenna_lava_caves
Geh:2:    layout_gehenna_pools_basic
Geh:3:    nicolae_geh_symmetric_flows, layout_gehenna_pools_triple
Geh:4:    layout_gehenna_lava_caves
Geh:5:    layout_gehenna_pools_box, nicolae_hells_hurtin_island
Geh:6:    layout_gehenna_lava_caves
Geh:7:    geh_hangedman
Coc:1:    layout_cocytus_water_paths, serial_ice
Coc:2:    layout_ice_bergs
Coc:3:    layout_ice_bergs
Coc:4:    layout_cocytus_water_paths
Coc:5:    layout_ice_bergs

Skill      XL: |  1  2  3  4  5  6  7  8  9 10 11 12 13 14 15 16 17 18 19 20 21 22 23 24 25 26 27 |
---------------+----------------------------------------------------------------------------------+-----
Fighting       | 1 2 3 5 6 7 9 11 12 13 14 15 16 17 19 20 21 | 21.3
Stealth        | 2 3 4 6 |  6.2
Dodging        | 3 4 6 7 8 10 11 12 13 14 15 16 17 18 19 20 21 22 23 27 | 27.0
Spellcasting   | 3 4 5 6 7 8 9 10 11 12 13 14 15 16 17 18 | 18.2
Throwing       | 3 4 6 7 8 9 10 11 12 13 14 | 14.3
Evocations     | 3 5 7 9 10 11 13 14 16 17 18 19 20 | 20.4
Polearms       | 14 | 14.2

Action                   |  1- 3 |  4- 6 |  7- 9 | 10-12 | 13-15 | 16-18 | 19-21 | 22-24 | 25-27 || total
-------------------------+-------+-------+-------+-------+-------+-------+-------+-------+-------++-------
Melee: Dagger            |     5 |       |       |       |       |       |       |       |       ||     5
       Whip              |    67 |    47 |       |       |       |       |       |       |       ||   114
       Punch             |     1 |     1 |     2 |       |       |       |       |     2 |       ||     6
       Hand axe          |       |    70 |   155 |   185 |    47 |       |       |       |       ||   457
       Glaive            |       |       |       |       |   136 |   261 |   384 |   304 |   191 ||  1276
       Unarmed           |       |       |       |       |       |       |     1 |    14 |       ||    15
       Bite              |       |       |       |       |       |       |       |     4 |       ||     4
       Tailslap          |       |       |       |       |       |       |       |     2 |       ||     2
Throw: Boomerang         |       |       |       |       |    15 |   192 |    76 |    51 |     1 ||   335
       Dart              |       |       |       |       |       |       |       |       |     1 ||     1
 Cast: Magic Dart        |    22 |       |       |       |       |     1 |     2 |     5 |       ||    30
       Call Imp          |     3 |     5 |     2 |       |     1 |       |       |       |       ||    11
       Mephitic Cloud    |     4 |    14 |    43 |    75 |    50 |    37 |    32 |    11 |     3 ||   269
       Slow              |       |     1 |       |       |       |     1 |     3 |     1 |     1 ||     7
       Ignite Poison     |       |       |    28 |    47 |    21 |    15 |    17 |     9 |     2 ||   139
       Blink             |       |       |     1 |     3 |     2 |     5 |     3 |     2 |       ||    16
       Stone Arrow       |       |       |     2 |    20 |    26 |    33 |    33 |    10 |    41 ||   165
       Borgnjor's Vile C |       |       |       |    65 |   239 |   441 |   281 |   249 |   295 ||  1570
       Static Discharge  |       |       |       |       |     1 |     3 |     9 |     3 |       ||    16
       Alistair's Intoxi |       |       |       |       |     1 |     2 |     5 |     7 |     6 ||    21
       Statue Form       |       |       |       |       |    10 |    38 |    42 |    31 |    39 ||   160
       Summon Cactus Gia |       |       |       |       |       |       |    25 |    17 |     9 ||    51
       Dragon Form       |       |       |       |       |       |       |     1 |     1 |       ||     2
       Lehudib's Crystal |       |       |       |       |       |       |    62 |   160 |   517 ||   739
       Monstrous Menager |       |       |       |       |       |       |       |     4 |     5 ||     9
       Shatter           |       |       |       |       |       |       |       |       |    20 ||    20
       Fire Storm        |       |       |       |       |       |       |       |       |    73 ||    73
Invok: Curse Item        |       |       |       |     2 |     1 |     3 |     2 |     1 |     1 ||    10
       Shatter the Chain |       |       |       |       |       |       |     1 |     1 |       ||     2
 Abil: Breathe Fire      |       |       |       |       |       |       |       |     1 |       ||     1
Evoke: Wand              |       |     1 |       |     6 |    11 |     4 |     1 |     2 |     2 ||    27
       Horn of Geryon    |       |       |       |       |       |       |       |       |     1 ||     1
  Use: Potion            |       |     1 |     1 |     4 |       |     3 |     4 |       |    14 ||    27
       Scroll            |       |       |    10 |     5 |     4 |     3 |     2 |     2 |     3 ||    29
 Stab: Sleeping          |     3 |     3 |     5 |     4 |     5 |     2 |     3 |     8 |     2 ||    35
       Confused          |     1 |     3 |     4 |     4 |     4 |     4 |     2 |       |       ||    22
       Distracted        |       |       |     1 |     1 |       |       |       |     2 |       ||     4
Armor: Robe              |    20 |    27 |    29 |    64 |    50 |    47 |    47 |    36 |    45 ||   365
       Skin              |       |       |       |       |    34 |   317 |   388 |   256 |   249 ||  1244
Dodge: Dodged            |    48 |    98 |   131 |   235 |   341 |   813 |  1065 |   889 |   888 ||  4508

Table legend: (Time is in decaauts)
 A = Elapsed time spent in this place.
 B = Non-inter-level travel time spent in this place.
 C = Inter-level travel time spent in this place.
 D = Time resting spent in this place.
 E = Time spent auto-exploring this place.
 F = Levels seen in this place.
 G = Mean time per level.
                   A        B        C        D        E       F      G
               +--------+--------+--------+--------+--------+-----+--------+
         Total |  67024 |  63223 |   3801 |  12568 |  26670 |  68 |  985.6 |
       Dungeon |  19314 |  17693 |   1621 |   4138 |   9102 |  15 | 1287.6 |
        Temple |    161 |    134 |     27 |      0 |    119 |   1 |  161.0 |
          Lair |   7536 |   6777 |    759 |    737 |   4257 |   6 | 1256.0 |
     Snake Pit |   4484 |   4363 |    121 |    608 |   2236 |   4 | 1121.0 |
   Spider Nest |   5097 |   4929 |    168 |   1210 |   1905 |   4 | 1274.2 |
    Slime Pits |   2457 |   2364 |     93 |    427 |   1188 |   5 |  491.4 |
  Orcish Mines |   1779 |   1618 |    161 |    117 |    774 |   2 |  889.5 |
   Elven Halls |   3392 |   3235 |    157 |    337 |   1547 |   3 | 1130.7 |
        Vaults |   7907 |   7619 |    288 |   1200 |   3053 |   4 | 1976.8 |
        Depths |   7184 |   6810 |    374 |   1736 |   2356 |   4 | 1796.0 |
          Hell |    704 |    704 |      0 |    177 |      0 |   1 |  704.0 |
       Gehenna |   3150 |   3122 |     28 |    845 |     54 |   7 |  450.0 |
       Cocytus |    633 |    633 |      0 |    315 |      0 |   5 |  126.6 |
         Abyss |   1073 |   1073 |      0 |    171 |     52 |   3 |  357.7 |
       Ossuary |    432 |    432 |      0 |    255 |      0 |   1 |  432.0 |
        Bailey |    368 |    368 |      0 |     19 |      5 |   1 |  368.0 |
      Ice Cave |    354 |    354 |      0 |    146 |      0 |   1 |  354.0 |
        Wizlab |    990 |    990 |      0 |    126 |     19 |   1 |  990.0 |
               +--------+--------+--------+--------+--------+-----+--------+

Top non-repeatable levels by time:
Depths:1: 2353 daAuts
Vaults:2: 2287 daAuts
Vaults:3: 2133 daAuts
     D:2: 2073 daAuts
     D:7: 2046 daAuts
Vaults:1: 1909 daAuts
Depths:2: 1756 daAuts
Depths:3: 1750 daAuts
   Geh:7: 1707 daAuts
Spider:4: 1666 daAuts
    D:12: 1666 daAuts
  Lair:5: 1624 daAuts
Vaults:4: 1577 daAuts
    D:11: 1546 daAuts
  Lair:6: 1537 daAuts
